[Event "Live Chess"]
[Site "Chess.com"]
[Date "2010.12.08"]
[Round "-"]
[White "chessmuntu"]
[Black "hipposcottimus"]
[Result "0-1"]
[CurrentPosition "3r3k/6p1/b5p1/5p2/P3p3/7P/3r1PP1/R5K1 w - -"]
[Timezone "UTC"]
[ECO "D10"]
[ECOUrl "https://www.chess.com/openings/Slav-Defense-3.e3"]
[UTCDate "2010.12.08"]
[UTCTime "02:21:15"]
[WhiteElo "1577"]
[BlackElo "1694"]
[TimeControl "60"]
[Termination "hipposcottimus won on time"]
[StartTime "02:21:15"]
[EndDate "2010.12.08"]
[EndTime "02:23:10"]
[Link "https://www.chess.com/game/live/75113905"]

1. d4 d5 2. c4 c6 3. e3 Nd7 4. c5 b6 5. b4 a5 6. bxa5 bxc5 7. dxc5 Qxa5+ 8. Bd2 Qxc5 9. Nc3 Qd6 10. Bd3 e5 11. Nge2 e4 12. Bc2 f5 13. O-O Ngf6 14. Nf4 Be7 15. a4 d4 16. exd4 Qxd4 17. Nce2 Qd6 18. Bb3 Nd5 19. Nxd5 cxd5 20. Nf4 O-O 21. Nxd5 Kh8 22. Nxe7 Qxe7 23. Qh5 Ba6 24. Rfc1 Nc5 25. Bd5 Rad8 26. Bc6 Rxd2 27. Rxc5 Qxc5 28. Be8 Qd6 29. Bg6 Qxg6 30. Qxg6 hxg6 31. h3 Rfd8 0-1

[Event "Live Chess"]
[Site "Chess.com"]
[Date "2010.12.08"]
[Round "-"]
[White "hipposcottimus"]
[Black "chessmuntu"]
[Result "1-0"]
[CurrentPosition "2rq1k1r/1p1nn1p1/p2NNpp1/3pP3/3P1P2/8/PP1Q2PP/R4RK1 b - -"]
[Timezone "UTC"]
[ECO "B12"]
[ECOUrl "https://www.chess.com/openings/Caro-Kann-Defense-Advance-Variation-3...Bf5-4.c4"]
[UTCDate "2010.12.08"]
[UTCTime "02:20:19"]
[WhiteElo "1688"]
[BlackElo "1583"]
[TimeControl "60"]
[Termination "hipposcottimus won by resignation"]
[StartTime "02:20:19"]
[EndDate "2010.12.08"]
[EndTime "02:21:02"]
[Link "https://www.chess.com/game/live/75113698"]

1. e4 c6 2. d4 d5 3. e5 Bf5 4. c4 Nd7 5. cxd5 cxd5 6. Nc3 e6 7. Bd3 Bg6 8. Bxg6 hxg6 9. f4 Bb4 10. Nf3 Ne7 11. Bd2 Rb8 12. Nb5 Bxd2+ 13. Qxd2 a6 14. Nd6+ Kf8 15. O-O Rc8 16. Ng5 f6 17. Nxe6+ 1-0

[Event "Live Chess"]
[Site "Chess.com"]
[Date "2010.12.08"]
[Round "-"]
[White "chessmuntu"]
[Black "hipposcottimus"]
[Result "0-1"]
[CurrentPosition "2r2rk1/p4ppp/4b3/5N2/3pQ3/n2K4/5PPP/1R3B1R w - -"]
[Timezone "UTC"]
[ECO "D10"]
[ECOUrl "https://www.chess.com/openings/Slav-Defense-Exchange-Variation-3...cxd5-4.Nc3"]
[UTCDate "2010.12.08"]
[UTCTime "02:18:07"]
[WhiteElo "1589"]
[BlackElo "1682"]
[TimeControl "60"]
[Termination "hipposcottimus won on time"]
[StartTime "02:18:07"]
[EndDate "2010.12.08"]
[EndTime "02:20:06"]
[Link "https://www.chess.com/game/live/75113219"]

1. d4 d5 2. c4 c6 3. cxd5 cxd5 4. Nc3 e6 5. Bf4 Nf6 6. e3 Bb4 7. Ne2 Nc6 8. a3 Ba5 9. b4 Nxb4 10. axb4 Bxb4 11. Rb1 Ba5 12. Qa4+ Nd7 13. Ng3 Bxc3+ 14. Ke2 Qc7 15. Bxc7 O-O 16. Kd3 Bxd4 17. exd4 b6 18. Bxb6 e5 19. Qb5 Nxb6 20. dxe5 Nd7 21. Qb3 Nxe5+ 22. Kd4 Nc6+ 23. Ke3 Be6 24. Kd2 d4 25. Qb7 Na5 26. Qe4 Nc4+ 27. Kd3 Rac8 28. Nf5 Na3 0-1

[Event "Live Chess"]
[Site "Chess.com"]
[Date "2010.12.08"]
[Round "-"]
[White "hipposcottimus"]
[Black "chessmuntu"]
[Result "0-1"]
[CurrentPosition "2r4k/1b2nQpn/p3p3/1p6/3P1P2/1N6/PP4qP/4RRK1 w - -"]
[Timezone "UTC"]
[ECO "B13"]
[ECOUrl "https://www.chess.com/openings/Caro-Kann-Defense-Panov-Attack"]
[UTCDate "2010.12.08"]
[UTCTime "02:16:53"]
[WhiteElo "1676"]
[BlackElo "1595"]
[TimeControl "60"]
[Termination "chessmuntu won by checkmate"]
[StartTime "02:16:53"]
[EndDate "2010.12.08"]
[EndTime "02:17:53"]
[Link "https://www.chess.com/game/live/75112934"]

1. e4 c6 2. d4 d5 3. exd5 cxd5 4. c4 a6 5. cxd5 Qxd5 6. Nc3 Qd8 7. Nf3 e6 8. Be2 Bb4 9. O-O Ne7 10. Bd2 O-O 11. Ne4 Bxd2 12. Nexd2 Nd7 13. Nb3 b5 14. Bd3 Bb7 15. Ng5 Rc8 16. Bxh7+ Kh8 17. Qh5 Nf6 18. Nxf7+ Rxf7 19. Qxf7 Nxh7 20. f4 Qd5 21. Rae1 Qxg2# 0-1

[Event "Live Chess"]
[Site "Chess.com"]
[Date "2010.12.08"]
[Round "-"]
[White "chessmuntu"]
[Black "hipposcottimus"]
[Result "0-1"]
[CurrentPosition "k7/6p1/p6q/1p5P/8/8/6P1/6RK w - -"]
[Timezone "UTC"]
[ECO "D10"]
[ECOUrl "https://www.chess.com/openings/Slav-Defense-3.Nc3"]
[UTCDate "2010.12.08"]
[UTCTime "02:14:26"]
[WhiteElo "1584"]
[BlackElo "1685"]
[TimeControl "60"]
[Termination "hipposcottimus won on time"]
[StartTime "02:14:26"]
[EndDate "2010.12.08"]
[EndTime "02:16:37"]
[Link "https://www.chess.com/game/live/75112394"]

1. d4 d5 2. c4 c6 3. Nc3 Nd7 4. cxd5 cxd5 5. Bf4 e6 6. e3 Ngf6 7. Nf3 Ne4 8. Bb5 Nxc3 9. bxc3 a6 10. Ba4 b5 11. Bc2 Be7 12. O-O O-O 13. Ne5 f6 14. Qh5 Nxe5 15. Qxh7+ Kf7 16. Bxe5 fxe5 17. Bg6+ Kf6 18. dxe5+ Kxe5 19. f4+ Kd6 20. c4 Kc7 21. cxd5 exd5 22. Rac1+ Kb6 23. Qh3 Bb7 24. e4 Bc8 25. Qe3+ Kb7 26. exd5 Bd6 27. Be4 Bxf4 28. d6+ Kb8 29. Qxf4 Rxf4 30. Rxf4 Qxd6 31. Kh1 Bb7 32. Rf8+ Ka7 33. Rxa8+ Bxa8 34. Bxa8 Kxa8 35. Rg1 Qd2 36. h3 Qxa2 37. h4 Qe6 38. h5 Qh6 0-1

[Event "Live Chess"]
[Site "Chess.com"]
[Date "2010.12.08"]
[Round "-"]
[White "hipposcottimus"]
[Black "chessmuntu"]
[Result "0-1"]
[CurrentPosition "r3k2r/1p1nn1p1/p1p1p1p1/3p4/3N4/2B5/PPP2PPq/R2QNRK1 w kq -"]
[Timezone "UTC"]
[ECO "B10"]
[ECOUrl "https://www.chess.com/openings/Caro-Kann-Defense-2.Nf3-d5"]
[UTCDate "2010.12.08"]
[UTCTime "02:13:42"]
[WhiteElo "1679"]
[BlackElo "1590"]
[TimeControl "60"]
[Termination "chessmuntu won by checkmate"]
[StartTime "02:13:42"]
[EndDate "2010.12.08"]
[EndTime "02:14:13"]
[Link "https://www.chess.com/game/live/75112234"]

1. e4 c6 2. Nf3 d5 3. e5 Bf5 4. d4 Nd7 5. Bd3 Bg6 6. Bxg6 hxg6 7. Nc3 e6 8. Be3 a6 9. O-O Bb4 10. Ne1 Ne7 11. Bd2 f6 12. Ne2 fxe5 13. Bxb4 exd4 14. Nxd4 Qc7 15. Bc3 Qxh2# 0-1

[Event "Live Chess"]
[Site "Chess.com"]
[Date "2010.12.08"]
[Round "-"]
[White "chessmuntu"]
[Black "hipposcottimus"]
[Result "0-1"]
[CurrentPosition "8/3R2pp/4k3/7K/5P1P/1rp5/p7/8 w - -"]
[Timezone "UTC"]
[ECO "D10"]
[ECOUrl "https://www.chess.com/openings/Slav-Defense-3.Nc3"]
[UTCDate "2010.12.08"]
[UTCTime "02:11:14"]
[WhiteElo "1579"]
[BlackElo "1688"]
[TimeControl "60"]
[Termination "hipposcottimus won on time"]
[StartTime "02:11:14"]
[EndDate "2010.12.08"]
[EndTime "02:13:32"]
[Link "https://www.chess.com/game/live/75111722"]

1. d4 d5 2. c4 c6 3. Nc3 Nd7 4. c5 b6 5. b4 bxc5 6. bxc5 e5 7. dxe5 Nxe5 8. Bf4 Nd7 9. Bd6 Bxd6 10. cxd6 Nb6 11. e3 Qxd6 12. Be2 Nf6 13. Nf3 Ne4 14. O-O Nxc3 15. Qc2 Nxe2+ 16. Qxe2 a5 17. Nd4 Ba6 18. Qf3 Bxf1 19. Rxf1 Qg6 20. Nf5 O-O 21. Ne7+ Kh8 22. Nxg6+ fxg6 23. h3 Rxf3 24. gxf3 Nc4 25. Kh2 Re8 26. Rg1 Rf8 27. Rg3 Nd2 28. f4 Nf3+ 29. Rxf3 g5 30. Rg3 gxf4 31. exf4 Kg8 32. Rd3 Rxf4 33. Kg3 Ra4 34. a3 c5 35. h4 c4 36. Rxd5 Rxa3+ 37. Kg4 c3 38. Rc5 a4 39. f3 Rb3 40. Rc8+ Kf7 41. Kh5 a3 42. f4 a2 43. Rc7+ Kf6 44. Rd7 Ke6 0-1

[Event "Live Chess"]
[Site "Chess.com"]
[Date "2010.12.08"]
[Round "-"]
[White "hipposcottimus"]
[Black "chessmuntu"]
[Result "1-0"]
[CurrentPosition "1k2Nbr1/ppqnn3/2p1pBp1/3pP2p/3P4/8/PPP1BPPP/RN1QK2R b KQ -"]
[Timezone "UTC"]
[ECO "B10"]
[ECOUrl "https://www.chess.com/openings/Caro-Kann-Defense-2.Nf3-d5"]
[UTCDate "2010.12.08"]
[UTCTime "02:10:13"]
[WhiteElo "1682"]
[BlackElo "1585"]
[TimeControl "60"]
[Termination "hipposcottimus won by resignation"]
[StartTime "02:10:13"]
[EndDate "2010.12.08"]
[EndTime "02:11:00"]
[Link "https://www.chess.com/game/live/75111531"]

1. e4 c6 2. Nf3 d5 3. e5 Bg4 4. d4 e6 5. Be2 Ne7 6. Nh4 Bh5 7. Bxh5 g6 8. Be2 Qc7 9. Nf3 Nd7 10. Bg5 Rg8 11. Bf6 h5 12. Ng5 O-O-O 13. Nxf7 Re8 14. Nd6+ Kb8 15. Nxe8 1-0

[Event "Live Chess"]
[Site "Chess.com"]
[Date "2010.12.08"]
[Round "-"]
[White "chessmuntu"]
[Black "hipposcottimus"]
[Result "0-1"]
[CurrentPosition "3q2k1/5ppp/8/r1p5/2Q5/7P/5PPK/1R6 w - -"]
[Timezone "UTC"]
[ECO "D10"]
[ECOUrl "https://www.chess.com/openings/Slav-Defense"]
[UTCDate "2010.12.08"]
[UTCTime "02:08:07"]
[WhiteElo "1591"]
[BlackElo "1676"]
[TimeControl "60"]
[Termination "hipposcottimus won on time"]
[StartTime "02:08:07"]
[EndDate "2010.12.08"]
[EndTime "02:09:57"]
[Link "https://www.chess.com/game/live/75111065"]

1. d4 d5 2. c4 c6 3. c5 b6 4. Nc3 bxc5 5. dxc5 e5 6. e3 Bxc5 7. Be2 Bb4 8. Nf3 d4 9. exd4 exd4 10. Nxd4 Bxc3+ 11. bxc3 c5 12. Qa4+ Bd7 13. Nb5 Nf6 14. Bg5 O-O 15. O-O Qb6 16. c4 Bxb5 17. cxb5 a6 18. bxa6 Nxa6 19. Bxf6 Qxf6 20. Bxa6 Rxa6 21. Qc4 Rc6 22. a4 Re8 23. a5 Ra8 24. Rfb1 Rca6 25. h3 Qd8 26. Kh2 Rxa5 27. Rxa5 Rxa5 0-1

[Event "Live Chess"]
[Site "Chess.com"]
[Date "2010.12.08"]
[Round "-"]
[White "hipposcottimus"]
[Black "chessmuntu"]
[Result "0-1"]
[CurrentPosition "r4Q2/1p1k2p1/4p3/1p1pnnP1/8/B3q3/PPP3Pr/R2K1R2 w - -"]
[Timezone "UTC"]
[ECO "B12"]
[ECOUrl "https://www.chess.com/openings/Caro-Kann-Defense-Advance-Variation-3...Bf5"]
[UTCDate "2010.12.08"]
[UTCTime "02:05:43"]
[WhiteElo "1670"]
[BlackElo "1597"]
[TimeControl "60"]
[Termination "chessmuntu won on time"]
[StartTime "02:05:43"]
[EndDate "2010.12.08"]
[EndTime "02:07:53"]
[Link "https://www.chess.com/game/live/75110539"]

1. e4 c6 2. d4 d5 3. e5 Bf5 4. f4 e6 5. Nf3 Nd7 6. Nh4 Bg6 7. Nxg6 hxg6 8. Nc3 Qc7 9. Be3 a6 10. Be2 Bb4 11. Bf3 Ne7 12. Bd2 Nf5 13. O-O Ne7 14. Nxd5 cxd5 15. Bxb4 f6 16. Be2 g5 17. Ba3 fxe5 18. fxg5 exd4 19. Qxd4 Qxh2+ 20. Kf2 Nf5 21. Qg4 Ne5 22. Bb5+ axb5 23. Qb4 Qg3+ 24. Ke2 Qe3+ 25. Kd1 Rh2 26. Qf8+ Kd7 0-1

[Event "Live Chess"]
[Site "Chess.com"]
[Date "2010.12.08"]
[Round "-"]
[White "chessmuntu"]
[Black "hipposcottimus"]
[Result "0-1"]
[CurrentPosition "5rk1/6pp/2p4r/p1Pp4/3PpNp1/P2bP1B1/1R1Q1PP1/4R1Kq w - -"]
[Timezone "UTC"]
[ECO "A40"]
[ECOUrl "https://www.chess.com/openings/Englund-Gambit"]
[UTCDate "2010.12.08"]
[UTCTime "02:03:48"]
[WhiteElo "1586"]
[BlackElo "1679"]
[TimeControl "60"]
[Termination "hipposcottimus won by checkmate"]
[StartTime "02:03:48"]
[EndDate "2010.12.08"]
[EndTime "02:05:24"]
[Link "https://www.chess.com/game/live/75110146"]

1. d4 e5 2. c4 e4 3. Bf4 d5 4. c5 b6 5. b4 bxc5 6. bxc5 c6 7. e3 f5 8. Nc3 Nf6 9. Nge2 Be7 10. Ng3 O-O 11. Be2 a5 12. O-O Na6 13. a3 Qd7 14. Bxa6 Rxa6 15. Re1 Ra7 16. Qe2 Ba6 17. Qd2 Ng4 18. h3 Bh4 19. hxg4 Bxg3 20. Bxg3 fxg4 21. Rab1 Qf7 22. Rb2 Bd3 23. Rb6 Rc7 24. Rb2 Rd7 25. Na4 Re7 26. Nb6 Re6 27. Na4 Rh6 28. Nc3 Qf5 29. Ne2 Qh5 30. Nf4 Qh1# 0-1

[Event "Live Chess"]
[Site "Chess.com"]
[Date "2010.12.08"]
[Round "-"]
[White "hipposcottimus"]
[Black "chessmuntu"]
[Result "0-1"]
[CurrentPosition "2r3k1/5ppp/6n1/p2pP3/1p1P1n2/1P6/P5qP/4BRK1 w - -"]
[Timezone "UTC"]
[ECO "B10"]
[ECOUrl "https://www.chess.com/openings/Caro-Kann-Defense-2.Nf3-d5"]
[UTCDate "2010.12.08"]
[UTCTime "02:01:47"]
[WhiteElo "1673"]
[BlackElo "1592"]
[TimeControl "60"]
[Termination "chessmuntu won by checkmate"]
[StartTime "02:01:47"]
[EndDate "2010.12.08"]
[EndTime "02:03:35"]
[Link "https://www.chess.com/game/live/75109703"]

1. e4 c6 2. Nf3 d5 3. e5 Bg4 4. d4 e6 5. Be2 Bb4+ 6. Nfd2 Bxd2+ 7. Bxd2 Bxe2 8. Qxe2 Ne7 9. Nc3 O-O 10. O-O Nd7 11. Nd1 a6 12. c4 Rc8 13. cxd5 cxd5 14. Rc1 b5 15. Rxc8 Qxc8 16. Bc3 Qc7 17. f4 Rb8 18. Rf3 a5 19. Bd2 b4 20. Be3 Rc8 21. Rh3 Ng6 22. Qh5 Ndf8 23. f5 exf5 24. Qxf5 Qc2 25. Nf2 Qxf5 26. Rf3 Qb1+ 27. Nd1 Qxd1+ 28. Rf1 Qd3 29. Bg5 Ne6 30. Bh4 Nef4 31. Bf2 Ne2+ 32. Kh1 Nef4 33. Kg1 Qe4 34. Be1 Qe2 35. b3 Qxg2# 0-1

[Event "Live Chess"]
[Site "Chess.com"]
[Date "2010.12.08"]
[Round "-"]
[White "EvanLopez"]
[Black "hipposcottimus"]
[Result "1-0"]
[CurrentPosition "6k1/pp4pp/2q5/8/2P2P1N/3n2K1/PP5P/3R4 b - -"]
[Timezone "UTC"]
[ECO "C55"]
[ECOUrl "https://www.chess.com/openings/Italian-Game-Two-Knights-Modern-Bishops-Opening"]
[UTCDate "2010.12.08"]
[UTCTime "01:45:26"]
[WhiteElo "1525"]
[BlackElo "1682"]
[TimeControl "60"]
[Termination "EvanLopez won on time"]
[StartTime "01:45:26"]
[EndDate "2010.12.08"]
[EndTime "01:47:34"]
[Link "https://www.chess.com/game/live/75106084"]

1. e4 e5 2. Nf3 Nc6 3. Bc4 Nf6 4. d3 Na5 5. Nbd2 Nxc4 6. Nxc4 d5 7. exd5 Nxd5 8. Ncxe5 Bd6 9. d4 O-O 10. Bf4 Re8 11. Bg5 f6 12. Bxf6 Qxf6 13. O-O Nf4 14. c4 Bxe5 15. dxe5 Qg6 16. g3 Bh3 17. Re1 Rf8 18. Nh4 Qg5 19. e6 Bxe6 20. Rc1 Nh3+ 21. Kh1 Rxf2 22. Rxe6 Rf6 23. Rxf6 Qxf6 24. Qd7 Nf2+ 25. Kg2 Rf8 26. Qxc7 Ng4 27. Qf4 Qc6+ 28. Kh3 Rxf4 29. gxf4 Nf2+ 30. Kg3 Nd3 31. Rd1 1-0

[Event "Live Chess"]
[Site "Chess.com"]
[Date "2010.12.08"]
[Round "-"]
[White "hipposcottimus"]
[Black "EvanLopez"]
[Result "1-0"]
[CurrentPosition "rn3rk1/pp3pp1/4b2p/8/3N4/1NQ5/P4PPP/R4RK1 b - -"]
[Timezone "UTC"]
[ECO "C41"]
[ECOUrl "https://www.chess.com/openings/Philidor-Defense-3.Bc4"]
[UTCDate "2010.12.08"]
[UTCTime "01:43:42"]
[WhiteElo "1693"]
[BlackElo "1512"]
[TimeControl "60"]
[Termination "hipposcottimus won by resignation"]
[StartTime "01:43:42"]
[EndDate "2010.12.08"]
[EndTime "01:44:58"]
[Link "https://www.chess.com/game/live/75105738"]

1. e4 e5 2. Nf3 d6 3. Bc4 h6 4. d4 Nf6 5. dxe5 Nxe4 6. Qe2 Nc5 7. exd6+ Ne6 8. dxc7 Qxc7 9. O-O Bc5 10. b4 Bxb4 11. c3 Bc5 12. Nbd2 O-O 13. Nb3 Bd6 14. Nfd4 Nf4 15. Qf3 Qxc4 16. Bxf4 Bxf4 17. Qxf4 Qxc3 18. Qg3 Be6 19. Qxc3 1-0

[Event "Live Chess"]
[Site "Chess.com"]
[Date "2010.12.08"]
[Round "-"]
[White "EvanLopez"]
[Black "hipposcottimus"]
[Result "1-0"]
[CurrentPosition "5r1k/P1b3pp/8/5p2/2P5/6P1/4Qq1P/4R2K b - -"]
[Timezone "UTC"]
[ECO "C55"]
[ECOUrl "https://www.chess.com/openings/Italian-Game-Two-Knights-Modern-Bishops-Opening-4...d5"]
[UTCDate "2010.12.08"]
[UTCTime "01:41:08"]
[WhiteElo "1516"]
[BlackElo "1689"]
[TimeControl "60"]
[Termination "EvanLopez won on time"]
[StartTime "01:41:08"]
[EndDate "2010.12.08"]
[EndTime "01:43:24"]
[Link "https://www.chess.com/game/live/75105152"]

1. e4 e5 2. Nf3 Nc6 3. Bc4 Nf6 4. d3 d5 5. Bg5 dxc4 6. Bxf6 Qxf6 7. dxc4 Bb4+ 8. c3 Bc5 9. O-O Bg4 10. Nbd2 Bxf3 11. Nxf3 O-O 12. b4 Be7 13. b5 Na5 14. Qa4 b6 15. Nd2 c6 16. Nb3 cxb5 17. Qxb5 a6 18. Qa4 b5 19. cxb5 axb5 20. Qxb5 Nxb3 21. Qxb3 Bc5 22. c4 Rac8 23. a4 Qf4 24. a5 Qxe4 25. a6 Rc7 26. Rfe1 Qd4 27. Ra2 Qd8 28. Rae2 Qd4 29. Rxe5 Qxf2+ 30. Kh1 Re7 31. Qc3 Rxe5 32. Qxe5 Bd6 33. Qe4 Bf4 34. a7 f5 35. Qe6+ Kh8 36. g3 Bc7 37. Qe2 1-0

[Event "Live Chess"]
[Site "Chess.com"]
[Date "2010.12.08"]
[Round "-"]
[White "Marcocamillo"]
[Black "hipposcottimus"]
[Result "0-1"]
[CurrentPosition "2r3k1/pp4pp/8/8/1nbN4/8/1P1R2PP/3K4 w - -"]
[Timezone "UTC"]
[ECO "A00"]
[ECOUrl "https://www.chess.com/openings/Van-Geet-Opening-Reversed-Nimzowitsch-Variation-2.d4"]
[UTCDate "2010.12.08"]
[UTCTime "01:38:36"]
[WhiteElo "1453"]
[BlackElo "1700"]
[TimeControl "60"]
[Termination "hipposcottimus won on time"]
[StartTime "01:38:36"]
[EndDate "2010.12.08"]
[EndTime "01:40:35"]
[Link "https://www.chess.com/game/live/75104636"]

1. d4 e5 2. Nc3 e4 3. Bf4 d5 4. Nb5 Na6 5. Qd2 Nf6 6. Qe3 Bd6 7. Nxd6+ cxd6 8. Qg3 O-O 9. Bxd6 Re8 10. Be5 Nh5 11. Qe3 f6 12. f3 fxe5 13. Qxe4 exd4 14. Qd3 Qe7 15. e4 dxe4 16. fxe4 Qxe4+ 17. Qxe4 Rxe4+ 18. Kd2 Bf5 19. Re1 Rc8 20. Rxe4 Bxe4 21. Ne2 Bxc2 22. Nxd4 Bg6 23. Bd3 Bf7 24. Rd1 Nf4 25. Be2 Nxe2 26. Kxe2 Bxa2 27. Rd2 Bc4+ 28. Kd1 Nb4 0-1

[Event "Live Chess"]
[Site "Chess.com"]
[Date "2010.12.08"]
[Round "-"]
[White "hipposcottimus"]
[Black "CryingWolf"]
[Result "1-0"]
[CurrentPosition "r7/ppk5/2pb1p1p/8/4N3/1P1P3P/1PP2P1P/R5RK b - -"]
[Timezone "UTC"]
[ECO "C57"]
[ECOUrl "https://www.chess.com/openings/Italian-Game-Fried-Liver-Attack"]
[UTCDate "2010.12.08"]
[UTCTime "01:35:41"]
[WhiteElo "1697"]
[BlackElo "1532"]
[TimeControl "60"]
[Termination "hipposcottimus won on time"]
[StartTime "01:35:41"]
[EndDate "2010.12.08"]
[EndTime "01:37:39"]
[Link "https://www.chess.com/game/live/75103976"]

1. e4 e5 2. Nf3 Nc6 3. Bc4 Nf6 4. Ng5 d5 5. exd5 Nxd5 6. Nxf7 Qd7 7. Nxh8 Nf6 8. Bf7+ Kd8 9. Bb3 Nd4 10. Nf7+ Ke8 11. Nxe5 Qe7 12. O-O Nxb3 13. axb3 Kd8 14. Nf3 Qe4 15. d3 Qg4 16. Bg5 h6 17. Bxf6+ gxf6 18. Re1 Qg6 19. Nc3 Bh3 20. Nh4 Qg5 21. Qf3 Qxh4 22. Qxh3 Qxh3 23. gxh3 c6 24. Kh1 Kc7 25. Rg1 Bd6 26. Ne4 1-0

[Event "Live Chess"]
[Site "Chess.com"]
[Date "2010.12.08"]
[Round "-"]
[White "CryingWolf"]
[Black "hipposcottimus"]
[Result "0-1"]
[CurrentPosition "5rr1/ppkb3p/2pbq3/4p3/4Q2P/2PP4/P1P2PP1/R1B1K2R w KQ -"]
[Timezone "UTC"]
[ECO "C57"]
[ECOUrl "https://www.chess.com/openings/Italian-Game-Knight-Attack-Polerio-Defense"]
[UTCDate "2010.12.08"]
[UTCTime "01:33:24"]
[WhiteElo "1537"]
[BlackElo "1692"]
[TimeControl "60"]
[Termination "hipposcottimus won on time"]
[StartTime "01:33:24"]
[EndDate "2010.12.08"]
[EndTime "01:35:12"]
[Link "https://www.chess.com/game/live/75103483"]

1. e4 e5 2. Nf3 Nc6 3. Bc4 Nf6 4. Ng5 d5 5. exd5 Na5 6. Qe2 Nxc4 7. Qxc4 Be7 8. d6 Qxd6 9. Qxf7+ Kd7 10. Qxg7 Rg8 11. Qh6 Bf8 12. Qh4 Be7 13. Qc4 Nd5 14. Nf7 Qe6 15. Qa4+ c6 16. Nd8 Kxd8 17. Nc3 Bd7 18. d3 Nxc3 19. bxc3 Bd6 20. Qe4 Kc7 21. h4 Raf8 0-1

[Event "Live Chess"]
[Site "Chess.com"]
[Date "2010.12.08"]
[Round "-"]
[White "hipposcottimus"]
[Black "CryingWolf"]
[Result "1-0"]
[CurrentPosition "4rrk1/1p3pp1/2p4p/4b3/P1P3P1/5R2/7P/5R1K b - -"]
[Timezone "UTC"]
[ECO "C55"]
[ECOUrl "https://www.chess.com/openings/Italian-Game-Anti-Fried-Liver-Defense"]
[UTCDate "2010.12.08"]
[UTCTime "01:30:49"]
[WhiteElo "1687"]
[BlackElo "1542"]
[TimeControl "60"]
[Termination "hipposcottimus won on time"]
[StartTime "01:30:49"]
[EndDate "2010.12.08"]
[EndTime "01:32:57"]
[Link "https://www.chess.com/game/live/75102855"]

1. e4 e5 2. Nf3 Nc6 3. Bc4 h6 4. d4 exd4 5. Nxd4 Nf6 6. e5 Ng8 7. Nf3 Qe7 8. Nc3 Nxe5 9. O-O d6 10. Nd5 Qd8 11. Nxe5 dxe5 12. Re1 Bd6 13. f4 Be6 14. fxe5 Bc5+ 15. Kh1 c6 16. Nf4 Qxd1 17. Rxd1 Bxc4 18. c3 Ne7 19. Bd2 Bd5 20. Nxd5 Nxd5 21. Be1 Ne3 22. Rd3 Nc2 23. Rc1 Nxe1 24. Rxe1 O-O 25. Rf3 Rfe8 26. Ref1 Rf8 27. b4 Bb6 28. g3 a5 29. a4 Rae8 30. bxa5 Bxa5 31. Rf5 Bb6 32. c4 Bc7 33. g4 Bxe5 34. R5f3 1-0

[Event "Live Chess"]
[Site "Chess.com"]
[Date "2010.12.08"]
[Round "-"]
[White "CryingWolf"]
[Black "hipposcottimus"]
[Result "1-0"]
[CurrentPosition "r1b1R1k1/pp3ppp/3r4/3p4/8/3P1N2/PPP3PP/R5K1 b - -"]
[Timezone "UTC"]
[ECO "C57"]
[ECOUrl "https://www.chess.com/openings/Italian-Game-Knight-Attack-Polerio-Defense"]
[UTCDate "2010.12.08"]
[UTCTime "01:28:37"]
[WhiteElo "1547"]
[BlackElo "1682"]
[TimeControl "60"]
[Termination "CryingWolf won by checkmate"]
[StartTime "01:28:37"]
[EndDate "2010.12.08"]
[EndTime "01:30:08"]
[Link "https://www.chess.com/game/live/75102451"]

1. e4 e5 2. Nf3 Nc6 3. Bc4 Nf6 4. Ng5 d5 5. exd5 Na5 6. Qe2 Nxc4 7. Qxc4 Nxd5 8. d3 Be7 9. Nf3 O-O 10. Nxe5 Nb6 11. Qc3 Bd6 12. Nf3 Re8+ 13. Be3 Bf4 14. O-O Bxe3 15. fxe3 Rxe3 16. Qd4 Nd5 17. Nc3 Re6 18. Nxd5 Rd6 19. Rfe1 c6 20. Qe5 cxd5 21. Qe8+ Qxe8 22. Rxe8# 1-0

[Event "Live Chess"]
[Site "Chess.com"]
[Date "2010.12.08"]
[Round "-"]
[White "hipposcottimus"]
[Black "JakobBrenner"]
[Result "1-0"]
[CurrentPosition "2r3k1/1p4pp/4b1p1/1p1p3n/1P1P4/P7/5RPP/6K1 b - -"]
[Timezone "UTC"]
[ECO "C02"]
[ECOUrl "https://www.chess.com/openings/French-Defense-Advance-Nimzowitsch-System"]
[UTCDate "2010.12.08"]
[UTCTime "01:25:59"]
[WhiteElo "1692"]
[BlackElo "1511"]
[TimeControl "60"]
[Termination "hipposcottimus won on time"]
[StartTime "01:25:59"]
[EndDate "2010.12.08"]
[EndTime "01:27:57"]
[Link "https://www.chess.com/game/live/75101914"]

1. e4 e6 2. Nf3 d5 3. e5 c5 4. d4 Qb6 5. Na3 Nc6 6. Bb5 Bd7 7. Be3 a6 8. dxc5 Bxc5 9. Bd4 axb5 10. O-O Bxd4 11. Nxd4 Nxd4 12. c3 Nc6 13. b4 Nxe5 14. Nc2 Nf6 15. Nd4 Nc6 16. Qe2 Nxd4 17. cxd4 O-O 18. Rfe1 Ne4 19. Qe3 Nf6 20. a3 Bc6 21. Qg3 Qd8 22. Re3 Rc8 23. Rf3 Be8 24. Re1 Ne4 25. Qg4 Qf6 26. Rh3 Qg6 27. Qxg6 fxg6 28. f3 Nf6 29. Rg3 e5 30. f4 exf4 31. Rf3 Bf7 32. Rxf4 Nh5 33. Rf2 Be6 34. Ref1 Rxf2 35. Rxf2 1-0